 Dungeon Crawl Stone Soup version 0.31-a0-267-g3fc6992b3b (webtiles) character file.

Game seed: 2446488454788109853

76 qw the Shooter (level 4, -2/26 HPs)
             Began as a Gargoyle Hexslinger on July 13, 2023.
             Slain by an orc
             ... wielding a +0 trident
              (5 damage)
             ... on level 3 of the Dungeon.
             The game lasted 00:00:45 (1854 turns).

qw the Shooter (Gargoyle Hexslinger)                Turns: 1854, Time: 00:00:45

Health: -2/26      AC:  9    Str: 12    XL:     4   Next: 32%
Magic:  5/5        EV: 12    Int: 13    God:
Gold:   165        SH:  0    Dex: 14    Spells: 4/5 levels left

rFire   . . .        Y - +1 sling
rCold   . . .        (no shield)
rNeg    + . .        e - +0 steam dragon scales
rPois   inf          (no helmet)
rElec   +            (no cloak)
rCorr   .            f - +0 pair of gloves
SInv    .            (no boots)
Will    .....        (no amulet)
Stlth   +            (no ring)
HPRegen 0.24/turn    (no ring)
MPRegen 0.09/turn

%: no passive effects
@: confused
A: sickness immunity, AC +3, negative energy resistance 1, electricity
resistance, torment resistance 1, petrification resistance
a: no special abilities


You were on level 3 of the Dungeon.
You visited 1 branch of the dungeon, and saw 3 of its levels.

You collected 165 gold pieces.


Innate Abilities, Weirdness & Mutations

You are immune to sickness and miasma.
Your stone body is resilient. (AC +3)
You are immune to poison.
You resist negative energy. (rN+)
You are resistant to electric shocks. (rElec)
You are resistant to unholy torment.
You are immune to petrification.


   Skills:
 - Level 2.0 Fighting
 - Level 4.0 Ranged Weapons
 + Level 0.7 Armour
 - Level 1.5 Dodging
 - Level 1.0 Spellcasting
 - Level 2.6 Hexes


You had 4 spell levels left.
You knew the following spells:

 Your Spells              Type           Power      Damage    Failure   Level
a - Slow                  Hex            28%        N/A       10%         1

Your spell library contained the following spells:

 Spells                   Type           Power      Damage    Failure   Level
 Inner Flame              Hex/Fire       4%         N/A       43%         3
 Portal Projectile        Hex/Tloc       8%         N/A       43%         3
 Cause Fear               Hex            3%         N/A       67%         4

Inventory:

Hand Weapons
 Y - a +1 sling (weapon)
Armour
 e - +0 steam dragon scales (worn)
 f - a +0 pair of gloves (worn)
Scrolls
 a - a scroll of identify
Potions
 b - a potion of curing {unknown}
 d - a potion of mutation

Dungeon Overview and Level Annotations

Branches:
Dungeon (3/15)

Altars:

Shops:
D:2 =   D:3 (


Message History

The orc hits you but does no damage.
The orc hits you with a +1 hand axe of venom.
You shoot a sling bullet. The sling bullet hits the orc wizard.
The orc wizard is moderately wounded.
The orc closely misses you.
The orc hits you with a +1 hand axe of venom.
The orc wizard casts a spell at you.
You are confused.
The orc hits you but does no damage. The orc barely misses you.
The orc wizard misses you.
The orc hits you from afar with a +0 trident.
The orc barely misses you.
The orc wizard hits you with a +0 dagger.
The orc closely misses you. The orc hits you but does no damage.
The orc wizard gestures wildly while chanting.
The orc wizard flickers and vanishes!
Deactivating autopickup; reactivate with Ctrl-A.
The orc misses you. The orc closely misses you.
Something hits you but does no damage.
You feel less confused.
The orc hits you from afar with a +0 trident.
The orc closely misses you. Something hits you but does no damage.
You shoot a sling bullet.
The sling bullet completely misses the orc.
You hear a shout!
The orc throws a boomerang.
The boomerang closely misses you. The orc hits you but does no damage.
You hear some strange, mumbled words.
You are confused.
The orc throws a boomerang.
The orc hits you but does no damage. Something hits you but does no damage.
The orc barely misses you. The orc hits you but does no damage.
Something hits you but does no damage.
The orc throws a boomerang.
The boomerang closely misses you. The orc hits you but does no damage.
You hear some strange, mumbled words.
A puff of flame appears from out of thin air!
The puff of flame hits you.
The orc hits you from afar with a +0 trident.
You die...

+#.. .# .... .# ######
..##+##### .###....
.........# ......####
###........# ..........
.......[..# .......#
#... #.#....#
.......####...###oo....+
................@{#%../#
####.#.####...###.#.o..#
####.#.####...###.#....#
....\#....+...+...#..o.#
####)....##...###.#o...#
.........+........#..o.#
.........##....##.#..o.#
.........##....##.#
.........##.......#


You could see 2 orcs.

Vanquished Creatures
  An adder (D:2)
  2 worms
  2 dart slugs (D:1)
  4 ball pythons
  4 endoplasms
  2 giant cockroaches
  8 goblins
  3 hobgoblins
  3 jackals (D:3)
  3 kobolds
  4 quokkas
  4 bats
  5 frilled lizards
  7 rats
52 creatures vanquished.

Notes
Turn   | Place    | Note
-------+----------+-------------------------------------------
     0 | D:1      | qw the Gargoyle Hexslinger began the quest for the Orb.
     0 | D:1      | Reached XP level 1. HP: 12/12 MP: 2/2
     0 | D:1      | 0 ||| qw: Version: 0.3-a-52-g30416fa
     0 | D:1      | 0 ||| qw: Game counter: 7698
     0 | D:1      | 0 ||| qw: Melee chars always use a shield: true
     0 | D:1      | 0 ||| qw: God list: Okawaru
     0 | D:1      | 0 ||| qw: Allow faded altars: false
     0 | D:1      | 0 ||| qw: Do Orc after clearing Dungeon:15 true
     0 | D:1      | 0 ||| qw: Do second Lair branch before Depths: true
     0 | D:1      | 0 ||| qw: Lair rune preference: random
     0 | D:1      | 0 ||| qw: Goals: Normal
     0 | D:1      | 0 ||| PLANNING D:1-11
   150 | D:1      | Reached XP level 2. HP: 9/16 MP: 3/3
   467 | D:1      | Reached skill level 3 in Ranged Weapons
   877 | D:1      | Reached XP level 3. HP: 21/21 MP: 4/4
   888 | D:1      | Found a faded altar of an unknown god.
   967 | D:1      | 967 ||| UPGRADING to +0 steam dragon scales.
   977 | D:1      | 977 ||| DROPPING +0 robe.
   978 | D:1      | 978 ||| READING scroll labelled LIWAOLL YBIRER.
   979 | D:1      | 979 ||| READING scroll labelled BULLEUXA LOACS.
   980 | D:1      | 980 ||| READING scroll labelled CEYFELAOXA.
   981 | D:1      | 981 ||| DROPPING scroll of poison.
  1020 | D:2      | 1020 ||| STAIRDANCE
  1024 | D:1      | HP: 5/21 [worm (1)]
  1547 | D:2      | Found Jewk's Jewellery Boutique.
  1549 | D:2      | Reached XP level 4. HP: 26/26 MP: 5/5
  1555 | D:2      | 1555 ||| SHOPLISTING +4 ring of slaying (1014 gold, have
                  | 141).
  1555 | D:2      | 1555 ||| SHOPLISTING +5 ring of evasion (468 gold, have
                  | 141).
  1555 | D:2      | 1555 ||| SHOPLISTING ring of protection from fire (325
                  | gold, have 141).
  1555 | D:2      | 1555 ||| SHOPLISTING ring of resist corrosion (260 gold,
                  | have 141).
  1555 | D:2      | 1555 ||| SHOPLISTING ring of willpower (325 gold, have
                  | 141).
  1556 | D:2      | 1556 ||| UPGRADING to +0 pair of gloves.
  1561 | D:2      | 1561 ||| READING scroll labelled TACAC ZUGGEY.
  1564 | D:2      | 1564 ||| READING scroll labelled CUKKIH SIFI.
  1565 | D:2      | 1565 ||| READING 4 scrolls of identify.
  1565 | D:2      | 1565 ||| IDENTIFYING ruby potion
  1566 | D:2      | 1566 ||| READING 3 scrolls of identify.
  1566 | D:2      | 1566 ||| IDENTIFYING red potion
  1567 | D:2      | 1567 ||| READING 2 scrolls of identify.
  1567 | D:2      | 1567 ||| IDENTIFYING coppery potion
  1568 | D:2      | 1568 ||| DROPPING potion of brilliance.
  1569 | D:2      | 1569 ||| DROPPING potion of attraction.
  1724 | D:3      | Found Kadazes's Antique Weapon Shoppe.
  1741 | D:3      | Reached skill level 4 in Ranged Weapons
  1748 | D:3      | 1748 ||| SHOPLISTING ancient sling (156 gold, have 145).
  1748 | D:3      | 1748 ||| SHOPLISTING runed orcbow (156 gold, have 145).
  1832 | D:3      | 1832 ||| Stepping ~*~*~tactically~*~*~ (outnumbered).
  1834 | D:3      | 1834 ||| Stepping ~*~*~tactically~*~*~ (outnumbered).
  1836 | D:3      | 1836 ||| Stepping ~*~*~tactically~*~*~ (outnumbered).
  1849 | D:3      | HP: 6/26 [orc/+0 trident (5)]
  1854 | D:3      | Slain by an orc

Levels and vault maps discovered:
D:1:      shiori_arrival_maze, layout_loops_corners,
          hellmonk_ecumenical_altar_defaced_shrine, minivault_11,
          amcnicky_mini_pool_small, wander_ebering_terrifying_dragon_lair
D:2:      layout_rooms, serial_shops, nicolae_shop_trees
D:3:      layout_basic, serial_shops, shop

Skill      XL: |  1  2  3  4 |
---------------+-------------+-----
Ranged Weapons | 3 4 |  4.0
Fighting       | 2 |  2.0
Armour         | |  0.7
Dodging        | |  1.5
Spellcasting   | |  1.0
Hexes          | |  2.6

Action                     |  1- 3 |  4- 6 || total
---------------------------+-------+-------++-------
   Fire: Sling             |   103 |    46 ||   149
    Use: Scroll            |     3 |     5 ||     8
 Armour: Robe              |     3 |       ||     3
         Steam dragon scal |     3 |    23 ||    26
  Dodge: Dodged            |    21 |    25 ||    46

Table legend:
 A = Non-vault XP
 B = Vault XP
 C = Vault XP percentage of total XP
 D = Non-vault monster count
 E = Vault monster count
 F = Vault count percentage of total count
                 A         B        C        D         E       F
            +---------+---------+-------+---------+---------+-------
      Total |      98 |      11 |  10.1 |      46 |       6 |  11.5
            +---------+---------+-------+---------+---------+-------
        D:1 |      32 |      11 |  25.6 |      15 |       6 |  28.6
        D:2 |      39 |       0 |   0.0 |      16 |       0 |   0.0
        D:3 |      27 |       0 |   0.0 |      15 |       0 |   0.0
            +---------+---------+-------+---------+---------+-------
